[Event "Titled Tuesday Blitz July 13 2021"]
[White "Tsaruk, Maksim"]
[Black "Przybylski, Wojciech"]
[WhiteFideId "13511173"]
[BlackFideId "1117599"]
[WhiteElo "2184"]
[BlackElo "2317"]
[Result "1-0"]
[Round "11"]
[TimeControl "180+1"]
[Date "2021.07.13"]
[WhiteClock "0:00:02"]
[BlackClock "0:00:03"]

1. e4 e5 2. Nf3 Nc6 3. Bb5 Nf6 4. d3 d6 5. O-O Be7 6. c3 O-O 7. Re1 Bd7 8. d4 a6 9. Ba4 exd4 10. cxd4 d5 11. e5 Ne4 12. Nc3 Nxc3 13. bxc3 Bf5 14. Bc2 Qd7 15. Rb1 b5 16. h3 Na5 17. Bf4 Nc4 18. Bd3 c6 19. Re2 a5 20. g4 Bxd3 21. Qxd3 b4 22. Ng5 Bxg5 23. Bxg5 bxc3 24. Qxc3 Rab8 25. Rbe1 a4 26. Kg2 a3 27. Bc1 Qa7 28. f4 c5 29. dxc5 Qxc5 30. f5 d4 31. Qf3 Rbd8 32. e6 fxe6 33. Rxe6 d3 34. Rc6 Qd4 35. Re4 Qd5 36. Rexc4 d2 37. Qxd5+ Rxd5 38. Bxd2 Rxd2+ 39. Kg3 Rxa2 40. Ra4 Ra1 41. Rc7 Kh8 42. Raa7 1-0


[Site "https://www.chess.com"]

[Event "Titled Tuesday Blitz July 13 2021"]
[White "Viskelis, Darius"]
[Black "Grebeniuk, Semen"]
[WhiteFideId "12800830"]
[BlackFideId "14117509"]
[WhiteElo "2006"]
[BlackElo "2232"]
[Result "1/2-1/2"]
[Round "11"]
[TimeControl "180+1"]
[Date "2021.07.13"]
[WhiteClock "0:00:02"]
[BlackClock "0:00:53"]

1. e4 c5 2. Nf3 g6 3. d4 cxd4 4. Nxd4 Bg7 5. Nc3 Nc6 6. Be3 Nf6 7. Be2 O-O 8. Nb3 d6 9. O-O Be6 10. f4 Qc8 11. h3 Rd8 12. Nd5 Nxe4 13. Bf3 Nf6 14. c3 Bxd5 15. Bxd5 Nxd5 16. Qxd5 e6 17. Qf3 d5 18. Rad1 b6 19. f5 Ne5 20. Qg3 exf5 21. Nd4 Nc4 22. Nxf5 Nxe3 23. Ne7+ Kh8 24. Nxc8 Nxf1 25. Rxf1 Raxc8 26. Rxf7 Rf8 27. Rxa7 d4 28. cxd4 Bxd4+ 29. Kh2 Rc1 30. Rxh7+ Kxh7 31. Qh4+ Kg8 32. Qxd4 Rc5 33. Qd6 Kg7 34. Qxb6 Rcf5 35. Qd4+ Kh7 36. a4 Rf4 37. Qd7+ R8f7 38. Qc6 Rb4 39. a5 Rxb2 40. a6 Rg7 41. Qc4 Rb8 42. Qh4+ Kg8 43. Qc4+ Kh8 44. Qc6 Rf8 45. Qd6 Rff7 46. Qd8+ Kh7 47. Qh4+ Kg8 48. Qd8+ Kh7 49. Qh4+ Kg8 50. Qd8+ Rf8 51. Qd5+ Kh7 52. Qe4 Rf5 53. Qh4+ Rh5 54. Qd4 Ra5 55. Qh4+ Rh5 56. Qd4 Ra5 57. Qh4+ Rh5 1/2-1/2


[Site "https://www.chess.com"]

[Event "Titled Tuesday Blitz July 13 2021"]
[White "Vlassov, Nikolai"]
[Black "Maly, Alexey"]
[WhiteFideId "4103360"]
[BlackFideId "14103184"]
[WhiteElo "2407"]
[BlackElo "2285"]
[Result "1-0"]
[Round "11"]
[TimeControl "180+1"]
[Date "2021.07.13"]
[WhiteClock "0:00:20"]
[BlackClock "0:00:01"]

1. e4 c6 2. d4 d5 3. e5 Bf5 4. Nc3 e6 5. g4 Bg6 6. Nge2 c5 7. Be3 cxd4 8. Nxd4 Nd7 9. f4 Ne7 10. Ncb5 Nc6 11. f5 Ncxe5 12. fxg6 hxg6 13. Be2 Qh4+ 14. Bf2 Qd8 15. Qd2 Be7 16. O-O-O a6 17. Nc3 Rc8 18. Kb1 b5 19. h4 b4 20. Na4 Qa5 21. b3 Nc5 22. Nxc5 Rxc5 23. h5 gxh5 24. Rxh5 Rxh5 25. gxh5 Bf6 26. h6 gxh6 27. Qxh6 Ke7 28. Bh4 Bxh4 29. Qxh4+ Kd7 30. Qf6 Qc7 31. Nf3 Nxf3 32. Qxf7+ Kd6 33. Qxf3 Rxc2 34. Qf4+ Kd7 35. Qf7+ Kd6 36. Qf8+ Kd7 37. Bd3 Rc3 38. Bxa6 Kc6 39. Qxb4 Qh7+ 40. Ka1 Rc5 41. Bd3 Qh5 42. Qd2 Qe5+ 43. Kb1 Qf6 44. Rc1 Rxc1+ 45. Qxc1+ Kb7 46. Qd2 e5 47. Qb4+ Kc7 48. Qc5+ Kb8 49. Qxd5 Qf4 50. Be4 Qf1+ 51. Kb2 Qe2+ 52. Kc3 Qe3+ 53. Kc4 Qe2+ 54. Kc5 Qf2+ 55. Kd6 Qb6+ 56. Kxe5 Qc7+ 57. Qd6 1-0


[Site "https://www.chess.com"]

[Event "Titled Tuesday Blitz July 13 2021"]
[White "Vovk, Orest"]
[Black "Bilych, Olexiy"]
[WhiteFideId "14113490"]
[BlackFideId "14156504"]
[WhiteElo "2203"]
[BlackElo "2246"]
[Result "0-1"]
[Round "11"]
[TimeControl "180+1"]
[Date "2021.07.13"]
[WhiteClock "0:00:04"]
[BlackClock "0:01:24"]

1. g4 c5 2. Bg2 Nc6 3. h3 g6 4. c4 Bg7 5. Nc3 e6 6. d3 Nge7 7. Nf3 d5 8. cxd5 exd5 9. Bf4 O-O 10. Qd2 Re8 11. O-O b6 12. Bh6 Bh8 13. Ng5 f6 14. Nf3 d4 15. Ne4 Nd5 16. Nh4 Bg7 17. Bxg7 Kxg7 18. Ng3 Be6 19. e4 dxe3 20. fxe3 Qd7 21. Ne4 Rf8 22. Rf2 Rf7 23. Raf1 Raf8 24. a3 Ne5 25. Nf5+ Bxf5 26. gxf5 g5 27. Ng3 h6 28. Nh5+ Kh7 29. e4 Ne7 30. h4 Qxd3 31. hxg5 hxg5 32. Qxd3 Nxd3 33. Rd2 Ne5 34. Rd6 N7c6 35. Kf2 Rd8 36. Nxf6+ Rxf6 37. Rxf6 Ng4+ 38. Kf3 Nxf6 39. Rh1+ Kg7 40. Ke3 Ne5 41. Bf1 Nfg4+ 42. Ke2 Rd3 43. Rh5 Kf6 44. Rh8 Rb3 45. Rf8+ Ke7 46. Ra8 Rxb2+ 47. Kd1 Ne3+ 48. Kc1 Rc2+ 49. Kb1 c4 50. Rxa7+ Kd6 51. f6 Rf2 52. Bh3 g4 53. Bxg4 N3xg4 54. f7 Rxf7 55. Rxf7 Nxf7 56. Kc2 Kc5 57. Kc3 Nd6 58. a4 Nxe4+ 59. Kb2 Kb4 60. Ka2 Kxa4 61. Kb2 b5 62. Kc2 Ne5 0-1


[Site "https://www.chess.com"]

[Event "Titled Tuesday Blitz July 13 2021"]
[White "Weinstein, Norman"]
[Black "Maiorov, Nikita"]
[WhiteFideId "2000466"]
[BlackFideId "13501720"]
[WhiteElo "2524"]
[BlackElo "2440"]
[Result "1-0"]
[Round "11"]
[TimeControl "180+1"]
[Date "2021.07.13"]
[WhiteClock "0:00:25"]
[BlackClock "0:00:41"]

1. e4 e5 2. Nf3 Nc6 3. Bb5 a6 4. Ba4 Nf6 5. O-O Be7 6. d4 exd4 7. Re1 b5 8. e5 Nxe5 9. Rxe5 bxa4 10. Nxd4 d6 11. Nc6 dxe5 12. Nxd8 Bxd8 13. Nc3 a3 14. b3 O-O 15. Bxa3 Re8 16. Nd5 Bb7 17. Nxf6+ Bxf6 18. Qe2 Rad8 19. Bb2 h6 20. Rd1 Rxd1+ 21. Qxd1 Rd8 22. Qe2 Bg5 23. h3 f6 24. Bc3 Rd6 25. Qc4+ Rd5 26. h4 Bc1 27. Qxc7 Rd1+ 28. Kh2 Bf4+ 29. Kh3 h5 30. Qd8+ Kh7 31. Qxd1 1-0


[Site "https://www.chess.com"]

[Event "Titled Tuesday Blitz July 13 2021"]
[White "Willow, Jonah B"]
[Black "Zubov, Alexander"]
[WhiteFideId "438804"]
[BlackFideId "14109409"]
[WhiteElo "2261"]
[BlackElo "2740"]
[Result "0-1"]
[Round "11"]
[TimeControl "180+1"]
[Date "2021.07.13"]
[WhiteClock "0:00:01"]
[BlackClock "0:00:12"]

1. e4 e5 2. Nf3 Nc6 3. Nc3 Nf6 4. Bb5 Bc5 5. O-O d6 6. d4 exd4 7. Nxd4 Bd7 8. Bxc6 bxc6 9. Bg5 h6 10. Bh4 O-O 11. Nb3 Bb6 12. e5 dxe5 13. Ne4 g5 14. Nxf6+ Qxf6 15. Qxd7 gxh4 16. c4 c5 17. Rfe1 Rae8 18. Re4 Re6 19. Qd1 Rd8 20. Qh5 a5 21. Rae1 a4 22. Nc1 Rd2 23. R4e2 Rd4 24. Re4 Qg5 25. Qe2 h3 26. g3 Ba5 27. Rd1 Qf5 28. Rdxd4 cxd4 29. Nd3 f6 30. f4 h5 31. fxe5 fxe5 32. Rxe5 Rxe5 33. Nxe5 Bd2 34. Qxd2 Qxe5 35. Qf2 d3 36. Kf1 Qe4 0-1


[Site "https://www.chess.com"]

[Event "Titled Tuesday Blitz July 13 2021"]
[White "Yoo, Christopher Woojin"]
[Black "Khusnutdinov, Rustam"]
[WhiteFideId "30909694"]
[BlackFideId "13701703"]
[WhiteElo "2105"]
[BlackElo "2571"]
[Result "1-0"]
[Round "11"]
[TimeControl "180+1"]
[Date "2021.07.13"]
[WhiteClock "0:00:06"]
[BlackClock "0:00:05"]

1. e4 e6 2. b3 d5 3. Bb2 dxe4 4. Nc3 Nf6 5. Qe2 Be7 6. O-O-O Bd7 7. Nxe4 Nxe4 8. Qxe4 Bc6 9. Qg4 Bf6 10. d4 O-O 11. Nf3 a5 12. a4 Na6 13. Ne5 Bxe5 14. dxe5 Qe7 15. Bd3 Nb4 16. Be4 Bxe4 17. Qxe4 Nd5 18. Rd2 Qg5 19. h4 Qg6 20. Qxg6 fxg6 21. c4 Nb4 22. Ba3 Rf7 23. Bxb4 axb4 24. f3 Kf8 25. Rhd1 Ke8 26. Rd4 Re7 27. Kb2 Ra5 28. Rd8+ Kf7 29. f4 h6 30. Rb8 g5 31. hxg5 hxg5 32. Rxb7 gxf4 33. Rb5 Ra8 34. Rxb4 Kg6 35. c5 Kf5 36. Rf1 g5 37. g3 Rg8 38. a5 Rf7 39. gxf4 g4 40. a6 c6 41. Rb6 Rc7 42. a7 Rxa7 43. Rxc6 g3 44. Rd6 g2 45. Rg1 Rh7 46. Rd2 Rh2 47. Rf2 Ke4 48. c6 Ke3 49. Rc2 Kf3 50. c7 Rc8 51. b4 Kxf4 52. b5 Rh1 1-0


[Site "https://www.chess.com"]

[Event "Titled Tuesday Blitz July 13 2021"]
[White "Zanette, Edgard Vinicius"]
[Black "Turzo, Attila"]
[WhiteFideId "2109263"]
[BlackFideId "704954"]
[WhiteElo "2202"]
[BlackElo "2426"]
[Result "0-1"]
[Round "11"]
[TimeControl "180+1"]
[Date "2021.07.13"]
[WhiteClock "0:01:00"]
[BlackClock "0:01:51"]

1. e4 c5 2. Nf3 d6 3. d4 cxd4 4. Nxd4 Nf6 5. f3 e5 6. Nb3 d5 7. Bg5 d4 8. c3 Nc6 9. Bb5 dxc3 10. Qxd8+ Kxd8 11. Nxc3 Bb4 12. O-O-O Bd7 13. Nd5 Be7 14. Bxf6 gxf6 15. Nxf6 Bxf6 16. Nc5 Nd4 17. Bxd7 Be7 18. Nxb7+ Kxd7 19. Na5 Rac8+ 20. Kb1 Ke6 21. Rd2 Bb4 0-1


[Site "https://www.chess.com"]

[Event "Titled Tuesday Blitz July 13 2021"]
[White "Zhigalko, Sergei"]
[Black "Peralta, Eduardo"]
[WhiteFideId "13502956"]
[BlackFideId "3700062"]
[WhiteElo "2662"]
[BlackElo "2205"]
[Result "1-0"]
[Round "11"]
[TimeControl "180+1"]
[Date "2021.07.13"]
[WhiteClock "0:00:12"]
[BlackClock "0:00:03"]

1. e4 c5 2. Nf3 Nc6 3. c3 g6 4. d4 d5 5. exd5 Qxd5 6. Na3 Bg4 7. Be2 Bg7 8. h3 Bxf3 9. Bxf3 Qe6+ 10. Be3 cxd4 11. cxd4 Nxd4 12. Qa4+ Kf8 13. Bxb7 Rd8 14. O-O Ne2+ 15. Kh1 Ng3+ 16. fxg3 Qxe3 17. Rf3 Qb6 18. Raf1 Bf6 19. Rb3 Qc5 20. Qb5 Qxb5 21. Nxb5 Rd2 22. Nxa7 Rxb2 23. Rxb2 Bxb2 24. a4 Bc3 25. Rc1 Bd2 26. Rc2 Be1 27. Nc6 Nf6 28. a5 Bxg3 29. a6 Nd7 30. a7 Nb6 31. Rb2 Nc4 32. a8=Q+ Kg7 33. Qa2 Nxb2 34. Qxb2+ f6 35. Qc3 Bd6 36. g3 h5 37. h4 Kh6 38. Qe3+ Kh7 39. Kg2 Re8 40. Qe6 Kg7 41. Nd4 Be5 42. Nf3 Kh7 43. Nxe5 fxe5 44. Qf7+ Kh6 45. Qxe8 1-0


[Site "https://www.chess.com"]

[Event "Titled Tuesday Blitz July 13 2021"]
[White "ketster"]
[Black "Gelman, Alexander"]
[BlackFideId "4118316"]
[WhiteElo "2455"]
[BlackElo "2375"]
[Result "0-1"]
[Round "11"]
[TimeControl "180+1"]
[Date "2021.07.13"]
[WhiteClock "0:00:02"]
[BlackClock "0:00:06"]

1. d4 Nf6 2. c4 c5 3. d5 b5 4. cxb5 a6 5. bxa6 e6 6. Nc3 exd5 7. Nxd5 Nxa6 8. Bg5 Bb7 9. Nxf6+ gxf6 10. Bd2 Qb6 11. Bc3 Nb4 12. e3 Be4 13. Bxb4 cxb4 14. Nf3 b3 15. Bd3 Qb4+ 16. Ke2 Rxa2 17. Rb1 f5 18. Nd4 Bd5 19. Nxf5 Rg8 20. Ng3 Bxg2 21. Rg1 Qg4+ 22. Kd2 Bf3 23. Qxb3 Bb4+ 24. Kc2 Ra8 25. Rbc1 Rg5 26. Ne4 Qxe4 27. Rxg5 Qc6+ 28. Kb1 Ra1+ 29. Kxa1 Qxc1+ 30. Ka2 Bd6 31. Rg8+ Ke7 32. Rg7 Qc6 33. Qxf7+ Kd8 34. Rg8+ Kc7 35. Qc4 Bd5 36. Rg4 Kd8 37. Rg8+ Ke7 38. Rg7+ Kf8 39. Rf7+ Kxf7 40. Bg6+ hxg6 41. e4 Bxc4+ 42. b3 Qxe4 43. bxc4 Qe2+ 44. Kb3 Qd3+ 45. Ka4 Qxc4+ 46. Ka5 Qb4+ 47. Ka6 Bc5 48. f4 Qb6# 0-1


[Site "https://www.chess.com"]

[Event "Titled Tuesday Blitz July 13 2021"]
[White "tylityli"]
[Black "Pajeken, Jakob Leon"]
[BlackFideId "12942839"]
[WhiteElo "2285"]
[BlackElo "2231"]
[Result "1/2-1/2"]
[Round "11"]
[TimeControl "180+1"]
[Date "2021.07.13"]
[WhiteClock "0:00:02"]
[BlackClock "0:00:17"]

1. d4 d5 2. c4 dxc4 3. Nf3 a6 4. e4 b5 5. a4 Bb7 6. axb5 axb5 7. Rxa8 Bxa8 8. d5 c6 9. b3 cxd5 10. bxc4 dxc4 11. Qxd8+ Kxd8 12. Na3 Bxe4 13. Ne5 Bd5 14. Nxb5 f6 15. Nxc4 e5 16. Be3 Bb4+ 17. Kd1 Ne7 18. Kc2 Nbc6 19. Be2 Kd7 20. Rd1 Ke6 21. Nc7+ Kf7 22. Nxd5 Nxd5 23. Rxd5 Rc8 24. Bg4 Rc7 25. Rd7+ Rxd7 26. Bxd7 Nd4+ 27. Bxd4 exd4 28. Kd3 Be1 29. f3 Bf2 30. Ke4 g6 31. Nb2 f5+ 32. Kd5 Kf6 33. Nd3 Be3 34. Ne1 Bg1 35. h3 Bf2 36. Nd3 Be3 37. Bb5 h5 38. Nb4 g5 39. Nc2 Bf2 40. Nxd4 g4 41. hxg4 fxg4 42. fxg4 hxg4 43. Ke4 Kg5 44. Ne2 Kh4 45. Bd7 Be1 46. Ke3 Bb4 47. Kf2 Bc5+ 48. Kf1 Kg5 49. Nc3 Kf4 50. Nd5+ Ke5 51. Nc3 Kf4 52. Nd1 Bd4 53. Nf2 g3 54. Nd1 Ke4 55. Ke2 Kf4 56. Kd3 Bg1 57. Nc3 Bf2 58. Ne2+ Ke5 59. Bc6 Be1 60. Ke3 Bf2+ 61. Kf3 Kf6 62. Nxg3 Bd4 63. Ne4+ Kg6 64. g4 Bb2 65. Bb5 Kg7 66. Bd3 Bc3 67. Be2 Bd4 68. Bd1 Ba1 69. Bc2 Bb2 70. Kf4 Bc1+ 71. Kf5 Be3 72. Bd3 Bc1 73. Bc4 Be3 74. Ng5 Bc1 75. Ne6+ Kh6 76. Nf4 Ba3 77. g5+ Kg7 78. Nh5+ Kh8 79. g6 Bb2 80. Ng3 Kg7 81. Kg5 Bf6+ 82. Kh5 Be5 83. Nf5+ Kh8 84. Kg5 Bc3 85. Kf4 Bf6 86. Ke4 Bb2 87. Kd5 Bf6 88. Ke6 Bb2 89. Kf7 Be5 90. Nh6 Bg7 91. Ng4 Bf8 92. Bd3 Bg7 93. Ne3 Bh6 94. Nf5 Bg7 95. Be4 Bf8 96. Kf6 Kg8 97. Bd5+ Kh8 98. Bc4 Bg7+ 99. Kg5 Bf8 100. Ng3 Bg7 101. Ne4 Bf8 102. Kf5 Bg7 103. Ng5 Bf8 104. Ne6 Bh6 105. Bb3 Kg8 106. Kf6 Kh8 107. Bc4 Bg7+ 108. Kf5 Bf8 1/2-1/2